 Dungeon Crawl Stone Soup version 0.31-a0-1424-g2add1c7226 (webtiles) character file.

Game seed: 14573075863450639970

56 Dordric the Ducker (level 3, -4/18 HPs)
             Began as a Felid Shapeshifter on Dec 26, 2023.
             Slain by a gnoll
             ... wielding a +0 spear
              (9 damage)
             ... on level 2 of the Dungeon.
             The game lasted 00:01:38 (1067 turns).

Dordric the Ducker (Felid Shapeshifter)             Turns: 1067, Time: 00:01:39

Health: -4/18      AC:  1    Str: 12    XL:     3   Next: 71%
Magic:  4/4        EV: 18    Int: 13    God:
Gold:   128        SH:  0    Dex: 15    Spells: 2/2 levels left
                                        Lives:  0   Deaths: 1

rFire   . .          .
                       - Unarmed
rCold   . . .        (shield unavailable)
rNeg    . . .        (body armour unavailable)
rPois   .            (helmet unavailable)
rElec   .            (cloak unavailable)
rCorr   .            (gloves unavailable)
SInv    +            (boots unavailable)
Will    .....        (no amulet)
Stlth   +            (no ring)
HPRegen 0.23/turn    (no ring)
MPRegen 0.09/turn

%: no passive effects
@: beast-form
A: beast (slay +1), very small, claws 1, fangs 3, see invisible, shaggy fur 1,
stealthy paws, no weapons or thrown items, no armour, multi-lived
a: Begin Untransformation


You were on level 2 of the Dungeon.
You were a hulking beast.
You visited 1 branch of the dungeon, and saw 2 of its levels.

You collected 128 gold pieces.

Inventory:

Talismans
 b - a beast talisman
 c - a flux talisman
Scrolls
 d - 2 scrolls of identify {unknown}
 e - a scroll of immolation {unknown}
 f - a scroll of revelation {unknown}
 g - a scroll of torment {unknown}
Potions
 a - 2 potions of lignification
 h - a potion of might {unknown}


   Skills:
 - Level 1.0 Fighting
 + Level 4.3 Dodging
 + Level 3.9 Unarmed Combat
 - Level 2.6 Shapeshifting


You had 2 spell levels left.
You didn't know any spells.
Your spell library contained the following spells:

 Spells                   Type           Power      Damage    Failure   Level
 Cigotuvi's Dreadful Rot  Necr/Alch/Air  0%         N/A       43%         2
 Static Discharge         Conj/Air       0%         3-3/arc   43%         2
 Airstrike                Air            0%         2d(0-16)  97%         4
 Ignite Poison            Fire/Alch      0%         N/A       97%         4
 Summon Lightning Spire   Summ/Air       0%         N/A       97%         4
 Freezing Cloud           Conj/Ice/Air   0%         6-21      100%        5


Dungeon Overview and Level Annotations

Branches:
Dungeon (2/15)

Altars:


Innate Abilities, Weirdness & Mutations

You are a hulking beast.
Your limbs bulge with bestial killing power. (Slay +1)
You have sharp claws.
You have razor-sharp teeth.
You have supernaturally acute eyesight. (SInv)
You are covered in fur. (AC +1)
Your paws help you pounce on unaware monsters.
You are incapable of wielding weapons or throwing items.
You cannot wear armour.
You gain extra lives every three experience levels.


Message History

The gnoll hits you with a +0 club.
You scratch the gnoll.
The gnoll is lightly wounded.
The gnoll misses you.
You scratch the gnoll.
The gnoll is moderately wounded.
The gnoll hits you with a +0 club.
You are too injured to fight recklessly!
You are too injured to fight recklessly!
You are too injured to fight recklessly!
You are too injured to fight recklessly!
You are too injured to fight recklessly!
You are too injured to fight recklessly!
You are too injured to fight recklessly!
You are too injured to fight recklessly!
You are too injured to fight recklessly!
You are too injured to fight recklessly!
You are too injured to fight recklessly!
You are too injured to fight recklessly!
You are too injured to fight recklessly!
You are too injured to fight recklessly!
You are too injured to fight recklessly!
You are too injured to fight recklessly!
You scratch the gnoll. Your bite misses the gnoll.
The gnoll is moderately wounded.
The gnoll misses you.
You scratch the gnoll.
The gnoll is severely wounded.
The gnoll completely misses you. The gnoll attacks as it pursues you!
The gnoll barely misses you. The gnoll attacks as it pursues you!
The gnoll completely misses you. The gnoll attacks as it pursues you!
The gnoll misses you. The gnoll attacks as it pursues you!
The gnoll hits you with a +0 club.
* * * LOW HITPOINT WARNING * * *
The gnoll attacks as it pursues you! The gnoll barely misses you.
The gnoll attacks as it pursues you! The gnoll misses you.
The gnoll attacks as it pursues you!
The gnoll hits you from afar with a +0 spear!
Ouch! That really hurt!
You die...

####...# #
+...#
#.#######.!.#
......#..#..+
.........#.##
######.#..#.#
#.....gg..#.#
#.####.#+##+##
####h......#
#...)......#
#.#........# #
#.†<.....#
###......#
+......#
#......#
#........
.########


You could see 2 gnolls.

Vanquished Creatures
  Terence (D:2)
  A gnoll (D:2)
  A dart slug (D:1)
  2 endoplasms (D:1)
  2 goblins (D:1)
  2 hobgoblins (D:1)
  A quokka (D:1)
  4 ball pythons (D:1)
  A bat (D:1)
  A frilled lizard (D:1)
  2 kobolds (D:1)
  4 rats (D:1)
22 creatures vanquished.

Notes
Turn   | Place    | Note
-------+----------+-------------------------------------------
     0 | D:1      | Dordric the Felid Shapeshifter began the quest for the Orb.
     0 | D:1      | Reached XP level 1. HP: 10/10 MP: 2/2
    76 | D:1      | Reached skill level 3 in Dodging
   221 | D:1      | Reached XP level 2. HP: 14/14 MP: 3/3
   980 | D:2      | Noticed Terence
   991 | D:2      | Slain by Terence
   991 | D:2      | Lost a life (0 lives remaining)
   997 | D:2      | Killed Terence
   998 | D:2      | Reached skill level 4 in Dodging
   998 | D:2      | Reached XP level 3. HP: 8/18 MP: 4/4
  1067 | D:2      | Slain by a gnoll

Illustrated notes

Levels and vault maps discovered:
D:1:      lightli_arrival_farm, layout_basic, dreamdust_wishing_well
D:2:      layout_basic, chequers_ecumenical_altar_island, serial_corexii_hall,
          corexii_hall_statues_i, corexii_hall_statues_x, uniq_terence

Skill      XL: |  1  2 |
---------------+-------+-----
Dodging        | 3 4 |  4.3
Fighting       | |  1.0
Unarmed Combat | |  3.9
Shapeshifting  | |  2.6

Action                     || total
---------------------------++-------
  Melee: Unarmed           ||    63
         Bite              ||     2
         Punch             ||     1
   Stab: Sleeping          ||     1
 Armour: Skin              ||    20
  Dodge: Dodged            ||    45

Table legend: (Time is in decaauts)
 A = Elapsed time spent in this place.
 B = Non-inter-level travel time spent in this place.
 C = Inter-level travel time spent in this place.
 D = Time resting spent in this place.
 E = Time spent auto-exploring this place.
 F = Levels seen in this place.
 G = Mean time per level.
                   A        B        C        D        E       F      G
               +--------+--------+--------+--------+--------+-----+--------+
         Total |   1087 |   1004 |     83 |      0 |    855 |   2 |  543.5 |
       Dungeon |   1087 |   1004 |     83 |      0 |    855 |   2 |  543.5 |
               +--------+--------+--------+--------+--------+-----+--------+

Top non-repeatable levels by time:
     D:1: 1002 daAuts
     D:2: 85 daAuts
